 Dungeon Crawl Stone Soup version 0.28.0-53-g5a82cb258f (webtiles) character file.

Game seed: 11820043339070881714

2882 mcbry74 the Grappler (level 9, -2/76 HPs)
             Began as a Troll Gladiator on June 22, 2022.
             Slain by a killer bee (6 damage)
             ... on level 7 of the Dungeon.
             The game lasted 00:17:14 (4848 turns).

mcbry74 the Grappler (Troll Gladiator)              Turns: 4848, Time: 00:17:15

Health: -2/76      AC:  4    Str: 26    XL:     9   Next: 48%
Magic:  8/8        EV: 14    Int:  6    God:
Gold:   257        SH:  0    Dex: 11    Spells: 8/8 levels left

rFire   . . .      SeeInvis .     - Unarmed
rCold   . . .      Faith    .   (no shield)
rNeg    + . .      Spirit   .   a - +0 robe
rPois   .          Reflect  .   b - +0 hat
rElec   .          Harm     .   (no cloak)
rCorr   .          Rampage  .   (gloves unavailable)
Will    .....                   (boots unavailable)
Stlth   +.........              (no amulet)
HPRegen 1.02/turn               k - ring of positive energy
MPRegen 0.11/turn               o - +4 ring of evasion

@: no status effects
A: large, unfitting armour, claws 3, regeneration 1, shaggy fur 1, tough skin 1
a: no special abilities


You were on level 7 of the Dungeon.
You visited 1 branch of the dungeon, and saw 7 of its levels.

You collected 257 gold pieces.

Inventory:

Hand Weapons
 u - a +1 mace of holy wrath
Missiles
 c - 3 throwing nets
 e - 115 stones (quivered)
 w - 3 poisoned darts
Armour
 a - a +0 robe (worn)
 b - a +0 hat (worn)
Jewellery
 k - a ring of positive energy (left claw)
 o - a +4 ring of evasion (right claw)
 s - a ring of wizardry
Wands
 n - a wand of iceblast (7)
 q - a wand of flame (36)
 z - a wand of digging (4)
Scrolls
 d - 4 scrolls of teleportation
 g - a scroll of blinking
 h - 2 scrolls of enchant armour {unknown}
 l - a scroll of brand weapon {unknown}
 r - a scroll of fog {unknown}
 v - a scroll of holy word {unknown}
 x - a scroll of enchant weapon {unknown}
 y - 2 scrolls of identify {unknown}
 B - a scroll of noise {unknown}
Potions
 f - 2 potions of curing
 i - 2 potions of lignification
 j - 2 potions of haste {unknown}
 m - a potion of mutation {unknown}
 p - a potion of attraction {unknown}
 t - 2 potions of brilliance {unknown}
 A - a potion of flight {unknown}


   Skills:
 - Level 1.5 Fighting
 + Level 6.7 Throwing
 - Level 2.4 Dodging
 * Level 10.6 Unarmed Combat
 + Level 3.2 Evocations


You had 8 spell levels left.
You didn't know any spells.
Your spell library was empty.

Dungeon Overview and Level Annotations

Branches:
Dungeon (7/15)
 Temple: D:4-7

Altars:
Gozag
Makhleb
Xom

Shops:
D:2 (


Innate Abilities, Weirdness & Mutations

You are too large for most types of armour.
You have claws for hands.
Your natural rate of healing is unusually fast.
You are covered in fur. (AC +1)
You have tough skin. (AC +1)


Message History

The killer bee poisons you! The killer bee stings you.
You scratch the killer bee.
The killer bee is moderately wounded.
You feel sick. The killer bee stings you. The killer bee barely misses you.
The killer bee misses you. The killer bee closely misses you.
The killer bee stings you! The killer bee barely misses you.
You miss the killer bee.
The killer bee is moderately wounded.
You feel sick.
The killer bee stings you but does no damage.
The killer bee barely misses you. The killer bee misses you.
You feel sick.
You feel sick.
The killer bee stings you but does no damage.
The killer bee closely misses you. The killer bee stings you.
You feel sick. The killer bee barely misses you. The killer bee stings you.
* * * LOW HITPOINT WARNING * * *
You feel sick. The killer bee completely misses you.
The killer bee stings you but does no damage.
You feel sick.
The killer bee stings you but does no damage.
The killer bee misses you. x2
Found 17 gold pieces.
You feel sick.
You are no longer poisoned.
The killer bee stings you!
* * * LOW HITPOINT WARNING * * *
The killer bee stings you but does no damage.
The killer bee stings you.
* * * LOW HITPOINT WARNING * * *
You are poisoned.
The killer bee poisons you! The killer bee stings you.
* * * LOW HITPOINT WARNING * * *
You are more poisoned.
The killer bee poisons you! The killer bee stings you!
* * * LOW HITPOINT WARNING * * *
You feel better. The killer bee closely misses you.
The killer bee barely misses you. The killer bee stings you!
* * * LOW HITPOINT WARNING * * *
The killer bee barely misses you. x2; The killer bee stings you.
You die...

........#.........$
.....................#
......................
.........#...(........ #
##..........##.....#..
.##........#..##.......###
..<...#....#.#.o.........#
.............o.y........##
......#.......oy@........#
.....o##)......y.....†...#
...#..#>........#....<...##
...##...........#.........###
..##..............).........#
.....#....)).................#
.....#.####)....##............#
.._.....#.#).[.##............##
...............###.....#.....#


You could see 3 killer bees, 2 orc wizards and an orc.

Vanquished Creatures
  A deep elf pyromancer (D:7)
  Sigmund (D:2)
  A steam dragon (D:6)
  An orc warrior (D:7)
  A sky beast (D:5)
  A black bear (D:6)
  An ice beast (D:6)
  3 ogres
  A centaur (D:6)
  2 phantoms
  Blork the orc (D:5)
  2 bullfrogs (D:7)
  5 scorpions
  A water moccasin skeleton (D:6)
  2 killer bees (D:6)
  A centaur zombie (D:5)
  A jelly (D:6)
  A hound (D:4)
  An orc priest (D:5)
  A gnoll shaman (D:6)
  6 iguanas
  5 orc wizards
  A killer bee zombie (D:7)
  4 gnolls (D:6)
  9 adders
  A white imp (D:6)
  4 ufetubi
  An adder skeleton (D:4)
  3 worms
  3 dart slugs (D:1)
  5 orcs
  13 ball pythons
  7 bats
  6 endoplasms
  A giant cockroach (D:2)
  6 goblins
  9 hobgoblins
  5 kobolds
  4 quokkas
  3 frilled lizards (D:1)
  4 rats
129 creatures vanquished.

Vanquished Creatures (others)
  6 fungi (D:2)
  3 plants (D:2)
9 creatures vanquished.

Grand Total: 138 creatures vanquished

Notes
Turn   | Place    | Note
-------+----------+-------------------------------------------
     0 | D:1      | mcbry74 the Troll Gladiator began the quest for the Orb.
     0 | D:1      | Reached XP level 1. HP: 19/19 MP: 0/0
   150 | D:1      | Reached XP level 2. HP: 27/27 MP: 1/1
   463 | D:1      | Reached XP level 3. HP: 32/33 MP: 2/2
   720 | D:2      | Reached skill level 4 in Unarmed Combat
   724 | D:2      | Noticed Sigmund
   848 | D:2      | Found Kierolu's Antique Weapon Shop.
   864 | D:2      | Found a faded altar of an unknown god.
  1092 | D:2      | Reached XP level 4. HP: 41/41 MP: 3/3
  1298 | D:2      | Killed Sigmund
  1299 | D:2      | Reached skill level 5 in Unarmed Combat
  1299 | D:2      | Reached XP level 5. HP: 33/48 MP: 4/4
  1299 | D:2      | Reached XP level 6. HP: 38/55 MP: 5/5
  2264 | D:3      | Found an opulent altar of Gozag.
  2267 | D:3      | Found a burning altar of Makhleb.
  2452 | D:4      | Reached skill level 6 in Unarmed Combat
  2565 | D:4      | Reached XP level 7. HP: 62/62 MP: 6/6
  2661 | D:4      | Reached skill level 7 in Unarmed Combat
  2895 | D:5      | Entered Level 5 of the Dungeon
  3068 | D:5      | Identified the +1 leather armour "Zoxulane" {Contam Drain
                  | rF+++ Str+8}
  3207 | D:5      | Reached skill level 5 in Throwing
  3207 | D:5      | Reached skill level 8 in Unarmed Combat
  3417 | D:5      | Reached XP level 8. HP: 61/70 MP: 7/7
  3464 | D:5      | Noticed Blork the orc
  3494 | D:5      | Killed Blork the orc
  3732 | D:6      | Reached skill level 1 in Evocations
  3834 | D:6      | Reached skill level 9 in Unarmed Combat
  4160 | D:6      | Identified the +0 ring mail of Tuogiusk {-Tele rPois rF+++
                  | Int-5}
  4412 | D:6      | Reached XP level 9. HP: 75/76 MP: 8/8
  4734 | D:7      | Reached skill level 10 in Unarmed Combat
  4752 | D:7      | Noticed a deep elf pyromancer
  4757 | D:7      | Killed a deep elf pyromancer
  4766 | D:7      | Found a shimmering altar of Xom.
  4823 | D:7      | Found a shimmering altar of Xom.
  4824 | D:7      | Found a shimmering altar of Xom.
  4847 | D:7      | HP: 2/76 [killer bee (8)]
  4848 | D:7      | Slain by a killer bee

Illustrated notes

Levels and vault maps discovered:
D:1:      eino_arrival_tree_alley, layout_basic, minmay_misc_feat_roman,
          minmay_pentomino_u4
D:2:      layout_rooms, shapermc_ecumenical_altar_gd, serial_shops, shop,
          serial_bayou_pond_e, minmay_snake_closets, uniq_sigmund
D:3:      layout_basic, mainiacjoe_overflow_big_doors
D:4:      layout_gridville
D:5:      layout_rooms, moated_statue, uniq_blork_the_orc
D:6:      layout_gridville, st_stairs_7
D:7:      layout_cave_pools, nicolae_xom_altar_mimics, temple_doors_e,
          minmay_manual_monstrance

Skill      XL: |  1  2  3  4  5  6  7  8  9 |
---------------+----------------------------+-----
Throwing       | 2 3 4 5 6 |  6.7
Unarmed Combat | 4 5 6 8 9 10 | 10.6
Evocations     | 2 3 |  3.2
Fighting       | |  1.5
Dodging        | |  2.4

Action                   |  1- 3 |  4- 6 |  7- 9 || total
-------------------------+-------+-------+-------++-------
Melee: Unarmed           |   100 |    98 |   212 ||   410
       Punch             |     3 |     2 |    10 ||    15
Throw: Stone             |       |    11 |    76 ||    87
  Use: Scroll            |     2 |       |       ||     2
       Potion            |     1 |     1 |     1 ||     3
 Stab: Sleeping          |     3 |       |       ||     3
Armor: Robe              |    33 |    23 |    36 ||    92
       Skin              |       |    14 |       ||    14
Dodge: Dodged            |    38 |    36 |   135 ||   209
